 Dungeon Sprint DCSS version 0.32-a0-571-gec57dfcd37 (webtiles) character file.

Game seed: 11133795663252365745

154 rocky1 the Chopper (level 5, -4/76 HPs)
             Began as a Mountain Dwarf Fighter on Mar 1, 2024.
             Was an Initiate of Gozag.
             Slain by a warg (8 damage)
             ... in the Dungeon (Sprint VII: "The Pits").
             The game lasted 00:01:18 (353 turns).

rocky1 the Chopper (Mountain Dwarf Fighter)          Turns: 353, Time: 00:01:18

Health: -4/76      AC: 14    Str: 20    XL:     5   Next: 13%
Magic:  5/5        EV:  6    Int:  9    God:    Gozag
Gold:   549        SH:  5    Dex:  9    Spells: 4/4 levels left

rFire   . . .        a - +0 war axe
rCold   . . .        c - +0 buckler
rNeg    . . .        f - +2 plate armour
rPois   .            (no helmet)
rElec   .            (no cloak)
rCorr   .            (no gloves)
SInv    .            (no boots)
Will    .....        (no amulet) Stlth
                     (no ring)
HPRegen 0.32/turn    (no ring)
MPRegen 0.09/turn

%: no teleportation
@: berserking (expiring), very quick
A: runic magic, artefact enchanting
a: Renounce Religion, Potion Petition, Call Merchant, Bribe Branch


You were in the Dungeon.
You worshipped Gozag.
Gozag was pleased with you.
You visited 1 branch You collected 549 gold pieces.

Inventory:

Hand Weapons
 a - a +0 war axe (weapon)
 p - a +2 heavy hand axe
Armour
 b - a +0 scale mail
 c - a +0 buckler (worn)
 f - a +2 plate armour (worn)
Scrolls
 j - a scroll of blinking
 l - 2 scrolls of vulnerability
 m - 5 scrolls of amnesia
 n - a scroll of summoning
Potions
 d - a potion of might
 e - 6 potions of curing
 g - a potion of haste
 h - 4 potions of magic
 i - a potion of berserk rage
 k - 2 potions of invisibility
 o - 4 potions of heal wounds


   Skills:
 + Level 6.6 Fighting
 * Level 7.2 Axes
 + Level 6.3 Armour
 + Level 0.3 Dodging
 + Level 5.9 Shields


You had 4 spell levels left.
You didn't know any spells.
Your spell library was empty.

Dungeon Overview and Level Annotations

Branches:
Dungeon (1/1)

Altars:
Ashenzari
Cheibriados
Dithmenos
Elyvilon
Fedhas
Gozag
Hepliaklqana
Kikubaaqudgha
Makhleb
Nemelex Xobeh
Okawaru
Qazlal
Ru
Sif Muna
Trog
Uskayaw
Vehumet
Wu Jian
Xom
Yredelemnul
Zin
The Shining One
Beogh
Jiyva
Lugonu


Innate Abilities, Weirdness & Mutations

Your spellcasting is much less encumbered by armour.
You can use scrolls of enchantment on lesser artefacts.


Message History

You closely miss the warg.
The warg is distracted by your dazzling golden aura.
You barely miss the warg.
The warg is no longer distracted by gold.
The warg howls!
The warg bites you!!
You barely miss the warg.
The warg is distracted by your dazzling golden aura.
You closely miss the warg.
The warg is no longer distracted by gold.
The warg howls!
The warg is distracted by your dazzling golden aura.
The frilled lizard hisses.
You closely miss the warg.
The warg is no longer distracted by gold.
The warg howls!
You block the warg's attack. The warg bites you!!
* * * LOW HITPOINT WARNING * * *
You closely miss the warg. The warg bites you.
* * * LOW HITPOINT WARNING * * *
You slash the warg!
The warg is moderately wounded.
The warg bites you but does no damage.
You hit the warg.
The warg is moderately wounded.
The warg pauses to sniff the ground.
The warg bites you.
* * * LOW HITPOINT WARNING * * *
You barely miss the warg.
The warg is moderately wounded.
The warg bites you.
* * * LOW HITPOINT WARNING * * *
You hit the warg.
The warg is heavily wounded.
You block the warg's attack.
You closely miss the warg.
The warg is heavily wounded.
The warg bites you!
You die...
Your body crumbles into a pile of gold.

#'#####'#####.....
#.#.....#..##.....
#.#.....#))#####'#
#.###)###).##.....
#.#.....#))##.....
#.#.....#.[##.....
#.####'##'###...<.
#.#...)....##.....
#@#........##.....
#h###########.....


#oo ###### #loJ #h..# #..## #... #... You could see a warg, a hound, 3 orcs, an
endoplasm and a frilled lizard.

Vanquished Creatures
  An ice beast (D)
  An orc priest (D)
  2 gnolls (D)
  An ufetubus (D)
  2 bats (D)
  A bat skeleton (D)
  An endoplasm (D)
  A rat (D)
10 creatures vanquished.

Notes
Turn   | Place    | Note
-------+----------+-------------------------------------------
     0 | D        | rocky1 the Mountain Dwarf Fighter began the quest for the
                  | Orb.
     0 | D        | Reached XP level 1. HP: 19/19 MP: 1/1
    22 | D        | Found a bloodstained altar of Trog.
    22 | D        | Found a shimmering blue altar of Sif Muna.
    22 | D        | Found a viscous altar of Jiyva.
    22 | D        | Found a hazy altar of Hepliaklqana.
    22 | D        | Found an opulent altar of Gozag.
    23 | D        | Found a glowing golden altar of the Shining One.
    23 | D        | Found a glowing silver altar of Zin.
    23 | D        | Found a basalt altar of Yredelemnul.
    23 | D        | Found a shimmering altar of Xom.
    23 | D        | Found an ornate altar of the Wu Jian Council.
    23 | D        | Found a sacrificial altar of Ru.
    23 | D        | Found a stormy altar of Qazlal.
    23 | D        | Found an iron altar of Okawaru.
    23 | D        | Found a sparkling altar of Nemelex Xobeh.
    23 | D        | Found a burning altar of Makhleb.
    23 | D        | Found a blossoming altar of Fedhas.
    23 | D        | Found a white marble altar of Elyvilon.
    23 | D        | Found a shadowy altar of Dithmenos.
    23 | D        | Found a snail-covered altar of Cheibriados.
    26 | D        | Found a corrupted altar of Lugonu.
    26 | D        | Found a radiant altar of Vehumet.
    26 | D        | Found a roughly hewn altar of Beogh.
    27 | D        | Found an ancient bone altar of Kikubaaqudgha.
    27 | D        | Found a hide-covered altar of Uskayaw.
    27 | D        | Found a broken altar of Ashenzari.
    30 | D        | Became a worshipper of Gozag Ym Sagoz the Greedy
    90 | D        | Reached XP level 2. HP: 21/27 MP: 2/2
    98 | D        | Reached skill level 3 in Axes
   166 | D        | Noticed an ice beast
   172 | D        | Reached skill level 5 in Fighting
   172 | D        | Reached XP level 3. HP: 30/36 MP: 3/3
   180 | D        | Killed an ice beast
   181 | D        | Reached skill level 6 in Axes
   181 | D        | Reached skill level 5 in Shields
   181 | D        | Reached XP level 4. HP: 27/45 MP: 4/4
   331 | D        | Noticed a warg
   339 | D        | Noticed a bullfrog
   341 | D        | Reached skill level 7 in Axes
   341 | D        | Reached XP level 5. HP: 16/51 MP: 5/5
   353 | D        | Slain by a warg

Illustrated notes

Levels and vault maps discovered:
D:        pitsprint [storerooms_1, entrance_room_1, metal_vault_7, armoury_1,
          mini_pit_1, grid_room_1, main_hall_1, silver_pit, the_coven_1,
          the_vestibule_1, steel_vault_5, golden_pit, hallway_of_sentries,
          crystal_vault_2, iron_vault_4, final_vault]

Skill      XL: |  1  2  3  4 |
---------------+-------------+-----
Armour         | 4 6 |  6.3
Fighting       | 4 5 6 |  6.6
Axes           | 3 6 7 |  7.2
Shields        | 4 5 |  5.9
Dodging        | |  0.3

Action                     |  1- 3 |  4- 6 || total
---------------------------+-------+-------++-------
  Melee: War axe           |    35 |    24 ||    59
    Use: Potion            |     2 |     2 ||     4
 Armour: Scale mail        |    41 |       ||    41
         Plate armour      |       |    17 ||    17
  Dodge: Dodged            |    23 |     1 ||    24
  Block: Buckler           |    18 |     5 ||    23

Table legend: (Time is in decaauts)
 A = Elapsed time spent in this place.
 B = Non-inter-level travel time spent in this place.
 C = Inter-level travel time spent in this place.
 D = Time resting spent in this place.
 E = Time spent auto-exploring this place.
 F = Levels seen in this place.
 G = Mean time per level.
                   A        B        C        D        E       F      G
               +--------+--------+--------+--------+--------+-----+--------+
         Total |    371 |    354 |     17 |    138 |      0 |   1 |  371.0 |
       Dungeon |    371 |    354 |     17 |    138 |      0 |   1 |  371.0 |
               +--------+--------+--------+--------+--------+-----+--------+

Top non-repeatable levels by time:
       D: 371 daAuts
